AoeStats
← 欢乐小菜鸟

Pilgrims

507220911Analyzed
4v4 RM · 14d ago on Sep 17, 2026· 15m 31s· 8 players
Game mode
Random Map
Map size
Large (8 player)
Population
200
Speed
Normal
Resources
Standard
Victory
Conquest
Starting age
Dark Age
Ending age
Imperial Age
RankedLock teamsTeams togetherTeam positionsShared explorationLock speedFull tech treeHidden civsTurbo modeCheats
Victory
Defeat
🇳🇱 Italians · Netherlands
966
+14
🇨🇿 Vikings · Czechia
964
+14
🇺🇸 Dravidians · United States
961
+14
🇨🇦 Teutons · Canada
909
+15
🇨🇳 Franks · China
932
-15
🇨🇳 Spanish · China
916
-14
🇨🇳 Portuguese · China
908
-14
🇨🇳 Franks · China
894
-14
爱你丶老妈
15:04 Feudal Age
1169656596
14:11 Feudal Age
12:28 Loom
欢乐小菜鸟
8:42 Loom
13:46 Feudal Age
826477292
10:29 Loom
13:32 Feudal Age
14:46 Fishing Lines
15:10 Gold Mining
Sm0k1nG040
10:33 Feudal Age
15:22 Scale Barding Armor
DESTINNI
1:26 Loom
10:52 Feudal Age
12:10 Gold Mining
recon
14:38 Feudal Age
14:53 Man-at-Arms
steffens-spieleadresse
12:32 Feudal Age
Connection lost

Rejoining the realm…

Still unreachable

The connection could not be restored.

Session expired

The server has moved on; the page needs a fresh start.